 Dungeon Crawl Stone Soup version 0.28-a0-1182-g381e24db82 (webtiles) character file.

Game seed: 10854610390875502876

8549 Astera the Carver (level 11, -4/87 HPs)
             Began as a Barachi Fighter on Dec 14, 2021.
             Was an Elder of Qazlal.
             Slain by a very large slime creature (56 damage)
             ... on level 8 of the Dungeon on Dec 17, 2021.
             The game lasted 00:39:29 (12660 turns).

Astera the Carver (Barachi Fighter)                Turns: 12660, Time: 00:39:29

Health: -4/87      AC: 17    Str: 19    XL:     11   Next: 32%
Magic:  11/11      EV: 16    Int:  8    God:    Qazlal [****..]
Gold:   364        SH: 11    Dex: 15    Spells: 10/10 levels left

rFire   . . .      SeeInvis .   a - +0 long sword
rCold   . . .      Faith    .   c - +0 buckler
rNeg    . . .      Spirit   .   b - +0 scale mail
rPois   .          Reflect  .   m - +0 helmet
rElec   .          Harm     .   H - +0 cloak
rCorr   .          Rampage  .   e - +1 pair of gloves
Will    .....                   (no boots)
Stlth   ..........              (no amulet)
HPRegen 0.24/turn               l - +4 ring of protection
MPRegen 0.12/turn               E - +4 ring of evasion

@: repel missiles, slow
A: amphibious, slowness 1, strong legs 1, +LOS
a: Hop, Renounce Religion, Upheaval, Elemental Force


You were on level 8 of the Dungeon.
You worshipped Qazlal.
Qazlal was greatly pleased with you.
You visited 1 branch of the dungeon, and saw 9 of its levels.

You collected 364 gold pieces.

Inventory:

Hand Weapons
 a - a +0 long sword (weapon)
 r - a +0 spectral club
Missiles
 z - a throwing net
Armour
 b - a +0 scale mail (worn)
 c - a +0 buckler (worn)
 e - a +1 pair of gloves (worn)
 m - a +0 helmet (worn)
 H - a +0 cloak (worn)
Jewellery
 l - a +4 ring of protection (left hand)
 o - a ring of flight
 w - an amulet of magic regeneration
 B - a +4 ring of protection
 E - a +4 ring of evasion (right hand)
Wands
 i - a wand of paralysis (4)
 q - a wand of flame (39)
 s - a wand of mindburst (12)
Scrolls
 g - a scroll of enchant armour {unknown}
 h - a scroll of brand weapon {unknown}
 j - 6 scrolls of identify
 n - a scroll of magic mapping {unknown}
 t - a scroll of amnesia {unknown}
 u - a scroll of immolation {unknown}
 x - 3 scrolls of torment {unknown}
 y - a scroll of blinking {unknown}
 C - a scroll of teleportation {unknown}
 G - a scroll of enchant weapon {unknown}
Potions
 d - a potion of might
 f - 3 potions of magic
 k - 3 potions of curing
 p - a potion of invisibility {unknown}
 v - a potion of lignification {unknown}
 A - 2 potions of heal wounds


   Skills:
 + Level 8.7 Fighting
 + Level 12.6 Long Blades
 + Level 9.8 Armour
 + Level 6.2 Dodging
 + Level 8.9 Shields
 + Level 1.0 Unarmed Combat
 + Level 0.1 Invocations


You had 10 spell levels left.
You didn't know any spells.
Your spell library contained the following spells:

 Spells                   Type           Power      Damage    Failure   Level
 Animate Skeleton         Necr           0%         N/A       71%         1
 Apportation              Tloc           0%         N/A       71%         1
 Beastly Appendage        Tmut           0%         N/A       71%         1
 Pain                     Necr           0%         1d4       71%         1
 Ensorcelled Hibernation  Hex/Ice        0%         N/A       85%         2
 Wereblood                Tmut           0%         N/A       85%         2
 Spider Form              Tmut/Pois      0%         N/A       97%         3
 Tukima's Dance           Hex            0%         N/A       97%         3
 Vampiric Draining        Necr           0%         2d6       97%         3
 Passage of Golubria      Tloc           0%         N/A       100%        4
 Alistair's Intoxication  Tmut/Pois      0%         N/A       100%        5
 Iskenderun's Battlesphe  Conj           0%         2d6       100%        5
 Silence                  Hex/Air        0%         N/A       100%        5
 Iron Shot                Conj/Erth      0%         9d1       100%        6
 Spellforged Servitor     Conj/Summ      0%         N/A       100%        7
 Lehudib's Crystal Spear  Conj/Erth      0%         10d2      100%        8


Dungeon Overview and Level Annotations

Branches:
Dungeon (9/15)             Temple (0/1) D:6
   Lair: D:8-11         Orc: D:9-12

Altars:
Dithmenos
Elyvilon
Gozag
Hepliaklqana
Nemelex Xobeh
Okawaru
Qazlal
Sif Muna
Trog
Wu Jian
Yredelemnul
Zin

Shops:
D:8 =


Innate Abilities, Weirdness & Mutations

You are amphibious.
You cover ground slowly.
You can hop short distances.
You have an extended range of vision and can be seen from far away.


Message History

The slime creature is engulfed in freezing vapours.
The very large slime creature is engulfed in freezing vapours.
The slime creature is engulfed in blazing flames.
Things that are here:
a +0 shortbow; 14 arrows A very large slime creature splits.
There is a stone staircase leading up here.
The slime creature completely misses you.
The slime creature is engulfed in freezing vapours.
The slime creature hits you but does no damage.
You block the large slime creature's attack.
You climb upwards.
There is a stone staircase leading down here.
The slime creature misses you.
The slime creature is engulfed in freezing vapours.
The slime creature completely misses you.
Two slime creatures merge to form a very large slime creature.
Two slime creatures merge to form an enormous slime creature.
You see here 22 stones.
An enormous slime creature splits.
The large slime creature is engulfed in freezing vapours.
You hit the large slime creature.
The large slime creature is heavily wounded.
You block the large slime creature's attack.
A large slime creature splits.
Two slime creatures merge to form a very large slime creature.
The slime creature misses you.
You hit the slime creature but do no damage.
The slime creature is moderately wounded.
The very large slime creature is engulfed in blazing flames.
The slime creature hits you but does no damage.
You hit the very large slime creature.
The very large slime creature is heavily wounded.
The very large slime creature barely misses you.
You slash the slime creature!
The slime creature is heavily wounded.
The slime creature hits you but does no damage.
The very large slime creature hits you!!!
Ouch! That really hurt!
You die...

#####......#.(.####....#...###
#...#.........................
#._.#............(..##........
###...###.........##..##.....###
##.......##.......####..#...### #
#.........##........###.#..## #
....≈≈≈....#.#°.○.°...>....#
...≈≈≈≈≈...###..JJ........## ###
..≈≈...≈≈...#.§.@°.........###.##
..≈≈.>.≈≈...##..○☼...............
..≈≈)..≈≈...###.............##.#.
...≈≈≈≈≈...####.....###.....##...
....≈≈≈....#.........#...........
#.........##.######..............
##.......##..# ##............#
###...###..## ###.##.#....##
#...#...## ##...###....##


You could see a very large slime creature and a slime creature.

Vanquished Creatures
  2 two-headed ogres (D:9)
  Pikel (D:3)
  2 cyclopes (D:8)
  Maurice (D:9)
  Psyche (D:7)
  A hornet (D:9)
  A slime creature (D:9)
  Grinder (D:5)
  A wyvern (D:8)
  2 water moccasins (D:6)
  Duvessa (D:5)
  4 orc warriors
  3 sky beasts
  An ice beast (D:6)
  4 ogres
  4 necrophages
  2 phantoms
  9 centaurs
  The ghost of ChaosChampion the Magician, an amateur DECj (D:3)
  3 bullfrogs
  Blork the orc (D:5)
  A wyvern zombie (D:7)
  A gnoll sergeant (D:9)
  3 scorpions
  Dowan (D:5)
  A water moccasin skeleton (D:6)
  8 killer bees
  4 wights (D:5)
  A howler monkey (D:3)
  2 hounds
  A centaur zombie (D:8)
  2 orc priests (D:4)
  A gnoll shaman (D:7)
  A centaur skeleton (D:6)
  Ijyb (D:5)
  Natasha (thrice) (D:3)
  9 orc wizards
  3 hound zombies
  A hound skeleton (D:5)
  2 howler monkey zombies
  17 gnolls
  16 adders
  A white imp (D:8)
  An ufetubus (D:5)
  2 adder skeletons (D:4)
  A worm (D:2)
  3 dart slugs
  22 orcs
  6 ball pythons
  6 bats
  13 endoplasms
  2 giant cockroaches (D:1)
  11 goblins
  4 hobgoblins
  3 jackals (D:4)
  3 kobolds
  3 quokkas
  3 frilled lizards
  5 rats
214 creatures vanquished.

Vanquished Creatures (others)
  A killer bee (D:8)
1 creature vanquished.

Grand Total: 215 creatures vanquished

Notes
Turn   | Place    | Note
-------+----------+-------------------------------------------
     0 | D:1      | Astera the Barachi Fighter began the quest for the Orb.
     0 | D:1      | Reached XP level 1. HP: 18/18 MP: 1/1
   110 | D:1      | Reached XP level 2. HP: 25/25 MP: 2/2
   580 | D:1      | Reached XP level 3. HP: 29/30 MP: 3/3
   599 | D:1      | Found a faded altar of an unknown god.
   605 | D:1      | Prayed at the altar of an unknown god.
   605 | D:1      | Became a worshipper of Qazlal Stormbringer
   605 | D:1      | Reached * piety under Qazlal
   863 | D:2      | Reached skill level 3 in Long Blades
  1186 | D:2      | Reached XP level 4. HP: 37/37 MP: 4/4
  1483 | D:2      | Reached ** piety under Qazlal
  1484 | D:2      | Reached skill level 1 in Dodging
  2176 | D:3      | Reached skill level 4 in Long Blades
  2176 | D:3      | Reached XP level 5. HP: 35/42 MP: 5/5
  2192 | D:3      | Found a white marble altar of Elyvilon.
  2393 | D:3      | Noticed Natasha
  2397 | D:3      | Killed Natasha
  2611 | D:3      | Noticed Natasha
  2618 | D:3      | Killed Natasha
  2622 | D:3      | Found a runed translucent door.
  2626 | D:3      | Noticed ChaosChampion's ghost (amateur DECj)
  2742 | D:3      | Noticed Natasha
  2752 | D:3      | Killed Natasha
  2834 | D:3      | Reached skill level 5 in Armour
  2834 | D:3      | Reached XP level 6. HP: 42/49 MP: 6/6
  3264 | D:3      | Reached skill level 5 in Long Blades
  3674 | D:3      | Upgraded the game from 0.28-a0-1147-gc7b72d3202 to
                  | 0.28-a0-1159-g27aa881441
  3827 | D:3      | Reached XP level 7. HP: 38/55 MP: 7/7
  3835 | D:3      | Killed ChaosChampion's ghost
  4376 | D:4      | Noticed Grinder
  4451 | D:4      | Found an opulent altar of Gozag.
  4483 | D:4      | Reached skill level 6 in Long Blades
  4784 | D:4      | Reached skill level 5 in Shields
  4925 | D:4      | Reached skill level 5 in Fighting
  5212 | D:4      | Noticed Pikel
  5274 | D:3      | Killed Pikel
  5275 | D:3      | Reached skill level 7 in Long Blades
  5275 | D:3      | Reached XP level 8. HP: 43/62 MP: 8/8
  5433 | D:4      | Found a basalt altar of Yredelemnul.
  5618 | D:5      | Entered Level 5 of the Dungeon
  5784 | D:5      | Noticed Duvessa
  5784 | D:5      | Noticed Dowan
  5808 | D:5      | Killed Duvessa
  5809 | D:5      | Reached skill level 8 in Long Blades
  5835 | D:5      | Killed Dowan
  6100 | D:5      | Reached *** piety under Qazlal
  6101 | D:5      | Reached XP level 9. HP: 43/68 MP: 9/9
  6508 | D:5      | Reached skill level 9 in Long Blades
  6650 | D:5      | Paralysed by Grinder for 7 turns
  6683 | D:5      | Paralysed by Grinder for 3 turns
  6953 | D:5      | Noticed Ijyb
  6979 | D:5      | Killed Ijyb
  7244 | D:5      | Noticed Blork the orc
  7251 | D:5      | Killed Blork the orc
  7340 | D:5      | Paralysed by Grinder for 6 turns
  7347 | D:5      | Killed Grinder
  7598 | D:6      | Found an iron altar of Okawaru.
  7709 | D:6      | Found a sparkling altar of Nemelex Xobeh.
  7742 | D:6      | Found a staircase to the Ecumenical Temple.
  7773 | D:6      | Reached skill level 10 in Long Blades
  8000 | D:6      | Found a bloodstained altar of Trog.
  8164 | D:6      | Found a stormy altar of Qazlal.
  8172 | D:6      | Reached XP level 10. HP: 78/79 MP: 10/10
  9426 | D:8      | Found Tehucon's Jewellery Shoppe.
  9567 | D:8      | Found a hazy altar of Hepliaklqana.
  9599 | D:8      | Reached skill level 11 in Long Blades
  9732 | D:8      | Found an ornate altar of the Wu Jian Council.
  9799 | D:8      | Noticed a cyclops
  9800 | D:8      | Noticed a cyclops
  9848 | D:8      | Reached skill level 5 in Dodging
 10164 | D:8      | Found a shadowy altar of Dithmenos.
 10247 | D:8      | Killed a cyclops
 10323 | D:8      | Noticed Psyche
 10600 | D:7      | Killed Psyche
 10712 | D:8      | Killed a cyclops
 10712 | D:8      | Reached **** piety under Qazlal
 11036 | D:8      | Found a shimmering blue altar of Sif Muna.
 11244 | D:9      | Reached skill level 12 in Long Blades
 11244 | D:9      | Upgraded the game from 0.28-a0-1159-g27aa881441 to
                  | 0.28-a0-1182-g381e24db82
 11301 | D:9      | Found a glowing silver altar of Zin.
 11301 | D:9      | Noticed a two-headed ogre
 11305 | D:9      | Paralysed by a hornet for 3 turns
 11595 | D:9      | Killed a two-headed ogre
 11596 | D:9      | Reached skill level 1 in Unarmed Combat
 11596 | D:9      | Reached XP level 11. HP: 28/86 MP: 11/11
 11850 | D:9      | Noticed Maurice
 11937 | D:9      | Paralysed by Maurice for 7 turns
 11951 | D:9      | Killed Maurice
 12081 | D:9      | Noticed a two-headed ogre
 12105 | D:9      | Killed a two-headed ogre
 12119 | D:9      | Identified the +8 flail of Sehuwam {vorpal, *Rage rN+ Int+4
                  | Dex-2}
 12660 | D:8      | Slain by a very large slime creature

Illustrated notes

Levels and vault maps discovered:
D:1:      amcnicky_arrival_double_pillar, layout_loops_ring,
          chequers_ecumenical_altar_lobes
D:2:      layout_basic
D:3:      minmay_skewed_foursquare, layout_loops_corners, marbit_many_paths,
          ebering_ghost_sewer_d, uniq_natasha
D:4:      layout_rooms, lemuel_zombie_altar_yredelemnul, lemuel_doored_altar,
          nicolae_ossuary_entry_monument, uniq_pikel, uniq_grinder
D:5:      layout_basic, minmay_misc_feat_square,
          minmay_a_box_with_orc_wizards_in_it, uniq_blork_the_orc, uniq_duvessa,
          uniq_ijyb
D:6:      layout_basic, kennysheep_mini_moat, old_standard_altar,
          trog_three_pillars_becter, okawaru_metal_pillars_1_2,
          minmay_temple_entry_wispy
D:7:      layout_layer_cave, serial_glass, glass_columns_a, glass_columns_a,
          minmay_strange_pillars, minmay_strange_pillars, due_unseen_surprise,
          minmay_strange_pillars, hangedman_decor_peaks_small
D:8:      nzn_winding_woodlands_small [nzn_winding_woodlands_5x15_sawtooth,
          nzn_winding_woodlands_center_diamonds,
          nzn_winding_woodlands_5x15_pockets], layout_cave_pools,
          lemuel_tele_altar, mainiacjoe_overflow_surrounded_room,
          mainiacjoe_overflow_24_doors, tgw_sif, serial_shops, shop, uniq_psyche
D:9:      layout_grid_maze, mainiacjoe_overflow_cross_hatched,
          minmay_diced_spiral, uniq_maurice

Skill      XL: |  1  2  3  4  5  6  7  8  9 10 11 |
---------------+----------------------------------+-----
Fighting       | 4 5 7 8 |  8.7
Armour         | 4 5 6 7 8 9 |  9.8
Long Blades    | 3 4 5 7 8 10 12 | 12.6
Dodging        | 1 2 3 4 5 6 |  6.2
Shields        | 4 5 6 7 8 |  8.9
Unarmed Combat | 1 |  1.0
Invocations    | |  0.1

Action                   |  1- 3 |  4- 6 |  7- 9 | 10-12 || total
-------------------------+-------+-------+-------+-------++-------
Melee: Long sword        |    87 |   195 |   402 |   357 ||  1041
       Unarmed           |       |       |       |     4 ||     4
Invok: Upheaval          |       |     1 |       |       ||     1
 Abil: Hop               |     1 |       |     2 |     3 ||     6
  Use: Scroll            |       |       |     2 |       ||     2
 Stab: Invisible         |       |       |       |     1 ||     1
Armor: Scale mail        |    40 |    95 |   167 |   174 ||   476
       Skin              |       |       |       |     1 ||     1
Dodge: Dodged            |    49 |   101 |   157 |   176 ||   483
Block: Buckler           |    28 |    89 |   143 |   204 ||   464

Table legend: (Time is in decaauts)
 A = Elapsed time spent in this place.
 B = Non-inter-level travel time spent in this place.
 C = Inter-level travel time spent in this place.
 D = Time resting spent in this place.
 E = Time spent auto-exploring this place.
 F = Levels seen in this place.
 G = Mean time per level.
                   A        B        C        D        E       F      G
               +--------+--------+--------+--------+--------+-----+--------+
         Total |  13952 |  13488 |    464 |   2959 |   7079 |   9 | 1550.2 |
       Dungeon |  13952 |  13488 |    464 |   2959 |   7079 |   9 | 1550.2 |
               +--------+--------+--------+--------+--------+-----+--------+

Top non-repeatable levels by time:
     D:3: 2640 daAuts
     D:8: 2064 daAuts
     D:7: 1748 daAuts
     D:4: 1608 daAuts
     D:5: 1548 daAuts
     D:2: 1407 daAuts
     D:1: 1190 daAuts
     D:9: 1028 daAuts
     D:6: 714 daAuts
